AoeStats
← ska_18

Arena

505254549Analyzed
3v3 RM · 24d ago on Sep 8, 2026· 23m 43s· 6 players
Game mode
Random Map
Map size
Normal (6 player)
Population
200
Speed
Normal
Resources
Standard
Victory
Conquest
Starting age
Dark Age
Ending age
Imperial Age
RankedLock teamsTeams togetherTeam positionsShared explorationLock speedFull tech treeHidden civsTurbo modeCheats
Victory
Defeat
🇪🇸 Burmese · Spain
1001
+16
🇪🇸 Bohemians · Spain
906
+39
🇪🇸 Ethiopians · Spain
900
+21
🇦🇹 Saracens · Austria
1015
-20
🇦🇷 Koreans · Argentina
1004
-19
🇺🇸 Spanish · United States
972
-18
watchout2k5
8:44 Loom
11:02 Feudal Age
18:52 Castle Age
17:03 Horse Collar
17:32 Double-Bit Axe
18:13 Fletching
18:23 Padded Archer Armor
18:35 Padded Archer Armor
19:23 Bloodlines
22:05 Town Watch
ska_18
10:25 Feudal Age
13:13 Double-Bit Axe
16:18 Castle Age
14:05 Loom
14:33 Horse Collar
18:41 Wheelbarrow
18:21 Bow Saw
18:59 Town Watch
22:04 Gold Mining
22:04 Stone Mining
Kryztox9122
3:52 Loom
7:39 Loom
9:41 Feudal Age
17:17 Castle Age
16:05 Double-Bit Axe
16:13 Stone Mining
18:03 Pikeman
18:43 Squires
pritower08
10:30 Feudal Age
20:15 Castle Age
18:51 Double-Bit Axe
18:50 Horse Collar
24:00 Fervor
24:11 Sanctity
navalquenio
9:13 Loom
10:59 Feudal Age
12:01 Double-Bit Axe
17:01 Castle Age
15:34 Horse Collar
15:47 Gold Mining
16:28 Scale Mail Armor
17:47 Forging
19:22 Bow Saw
21:20 Royal Heirs
jorgersav
10:10 Feudal Age
17:54 Castle Age
15:54 Horse Collar
16:10 Gold Mining
19:05 Stone Mining
19:22 Heavy Plow
20:01 Gold Shaft Mining
20:32 Wheelbarrow
23:47 Hand Cart
23:39 Loom
Connection lost

Rejoining the realm…

Still unreachable

The connection could not be restored.

Session expired

The server has moved on; the page needs a fresh start.